 Dungeon Crawl Stone Soup version 0.31-a0-544-gceb718ecc6 (webtiles) character file.

Game seed: 2392868644400470460

11241 tilp the Covert (level 11, -3/84 HPs)
             Began as a Vampire Enchanter on Aug 15, 2023.
             Was a Priest of Wu Jian.
             Shot with an arrow by a centaur warrior (18 damage)
             ... on level 11 of the Dungeon.
             The game lasted 00:18:14 (10922 turns).

tilp the Covert (Vampire Enchanter)                Turns: 10922, Time: 00:18:14

Health: -3/84      AC:  8    Str:  7    XL:     11   Next: 46%
Magic:  16/19      EV: 18    Int: 22    God:    Wu Jian [***...]
Gold:   578        SH:  4    Dex: 15    Spells: 9/21 levels left

rFire   + . .        a - +5 dagger (freeze)
rCold   . . .        n - +0 buckler {rF+}
rNeg    . . .        z - +2 robe {Will+}
rPois   +            g - +0 hat {Will+}
rElec   .            (no cloak)
rCorr   .            o - +1 pair of gloves
SInv    +            m - +1 pair of boots {Stlth+}
Will    +++..        L - amulet of magic regeneration
Stlth   ++++++       w - +5 ring of evasion
HPRegen 0.54/turn    k - ring of poison resistance
MPRegen 0.56/turn

%: no passive effects
@: healing quickly
A: alive, fangs 3, see invisible, vampiric 2
a: Exsanguinate, Renounce Religion, Wall Jump, Serpent's Lash


You were on level 11 of the Dungeon.
You worshipped Wu Jian.
Wu Jian was most pleased with you.
You visited 2 branches of the dungeon, and saw 12 of its levels.

You collected 817 gold pieces.
You spent 239 gold pieces at shops.

Inventory:

Hand Weapons
 a - a +5 dagger of freezing (weapon)
 b - a +4 dagger
Missiles
 y - 18 boomerangs
 A - 31 poisoned darts (quivered)
 K - 2 silver javelins
 O - 8 darts of dispersal
 Q - 2 javelins
 W - 4 curare-tipped darts
Armour
 g - a +0 hat of willpower (worn)
 j - a +0 pair of boots of flying
 m - a +1 pair of boots of stealth (worn)
 n - a +0 buckler of fire resistance (worn)
 o - a +1 pair of gloves (worn)
 z - a +2 robe of willpower (worn)
 P - a +2 pair of boots
Jewellery
 h - a +6 ring of strength
 k - a ring of poison resistance (right hand)
 w - a +5 ring of evasion (left hand)
 D - a ring of flight
 L - an amulet of magic regeneration (around neck)
 N - a ring of willpower
Wands
 G - a wand of light (5)
 I - a wand of charming (8)
 J - a wand of polymorph (2)
 M - a wand of flame (8)
 V - a wand of mindburst (6)
Scrolls
 d - a scroll of amnesia
 p - 4 scrolls of teleportation
 q - a scroll of blinking
 t - 5 scrolls of fog
 u - 5 scrolls of immolation
 E - a scroll of vulnerability
 H - 2 scrolls of fear
Potions
 c - 2 potions of invisibility
 e - a potion of attraction
 f - a potion of cancellation
 i - 4 potions of brilliance
 l - 4 potions of lignification
 r - a potion of magic
 v - a potion of mutation
 x - 2 potions of might
 B - 2 potions of enlightenment
 C - a potion of curing {unknown}
 R - a potion of haste {unknown}
Miscellaneous
 F - a phantom mirror
 S - a lightning rod (4/4)


   Skills:
 * Level 7.3 Fighting
 - Level 10.0 Short Blades
 + Level 2.4 Armour
 + Level 5.3 Dodging
 + Level 11.1 Stealth
 - Level 2.0 Shields
 + Level 5.7 Spellcasting
 - Level 2.0 Conjurations
 * Level 10.1 Hexes
 + Level 2.8 Ice Magic
 + Level 3.4 Evocations


You had 9 spell levels left.
You knew the following spells:

 Your Spells              Type           Power      Damage    Failure   Level
a - Ensorcelled Hibernat  Hex/Ice        68%        N/A       1%          2
b - Confusing Touch       Hex            50%        N/A       1%          3
c - Tukima's Dance        Hex            50%        N/A       1%          3
d - Dazzling Flash        Conj/Hex       66%        N/A       3%          3
e - Slow                  Hex            100%       N/A       1%          1

Your spell library contained the following spells:

 Spells                   Type           Power      Damage    Failure   Level
 Cause Fear               Hex            25%        N/A       2%          4
 Summon Guardian Golem    Hex/Summ       28%        N/A       5%          3
 Summon Small Mammal      Summ           24%        N/A       16%         1
 Anguish                  Hex/Necr       14%        N/A       19%         4
 Cigotuvi's Dreadful Rot  Necr/Pois/Air  12%        N/A       22%         2
 Poisonous Vapours        Pois/Air       12%        N/A       22%         2
 Call Canine Familiar     Summ           6%         N/A       41%         3
 Vampiric Draining        Necr           6%         2d6       41%         3
 Animate Armour           Summ/Erth      12%        N/A       83%         4
 Summon Lightning Spire   Summ/Air       6%         N/A       83%         4
 Enfeeble                 Hex            25%        N/A       89%         7
 Lee's Rapid Deconstruct  Erth           3%         3d5*      99%         5
 Maxwell's Capacitive Co  Air            3%         ∞         100%        8


Dungeon Overview and Level Annotations

Branches:
Dungeon (11/15)            Temple (1/1) D:5            Lair (0/5) D:8
    Orc (0/2) D:11

Altars:
Ashenzari
Cheibriados
Dithmenos
Fedhas
Gozag
Hepliaklqana
Kikubaaqudgha
Makhleb
Nemelex Xobeh
Okawaru
Qazlal
Ru
Sif Muna
Trog
Uskayaw
Vehumet
Wu Jian
Xom
Yredelemnul

Shops:
D:2 [   D:6 *


Innate Abilities, Weirdness & Mutations

Your natural rate of healing is accelerated.
You have razor-sharp teeth.
You have supernaturally acute eyesight. (SInv)
You are afflicted with vampirism and can become a bat while bloodless.


Message History

The centaur warrior shouts!
The centaur shouts!
You lunge at the centaur.
You hit the centaur. You freeze the centaur.
The centaur is almost dead.
The centaur unwields a +0 orcbow.
You block the centaur's attack. The centaur kicks you.
* * * LOW HITPOINT WARNING * * *
The centaur unwields a +0 shortbow.
The centaur closely misses you. You block the centaur's attack.
The centaur hits you.
* * * LOW HITPOINT WARNING * * *
The centaur closely misses you.
Casting: Ensorcelled Hibernation (safe; 1% risk of failure)
Confirm with . or Enter, or press ? or * to list all spells.
Casting: Dazzling Flash (mildly dangerous; 3% risk of failure)
Press: ? - help, Dir - look around, f - activate The centaur is dazzled. x2
The centaur warrior unwields a +0 orcbow.
The centaur warrior barely misses you. The centaur warrior kicks you.
* * * LOW HITPOINT WARNING * * *
You block the centaur's attack. The centaur misses you. x2
The centaur closely misses you.
Unknown command.
Unknown command.
Unknown command.
You spin and attack the centaur repeatedly.
You hit the centaur. You freeze the centaur. Your bite misses the centaur.
The centaur is lightly wounded.
You strike the helpless centaur from behind!
You impale the centaur!! You freeze the centaur.
You kill the centaur!
The Council accepts your kill.
The centaur warrior wields a +0 orcbow.
The centaur warrior shoots an arrow.
You block the arrow.
The centaur warrior shoots an arrow.
The arrow barely misses you. The centaur completely misses you.
The centaur misses you.
Unknown command.
You hit the centaur. You freeze the centaur.
You kill the centaur!
The Council accepts your kill.
The centaur warrior shoots an arrow.
The arrow hits you!!
You die...

................
................
................
#.................
#..#........)...##
###
#..............###..
#..)c..# #......#...
#..#)..# #..........
###@#..####.........
###....#...>......
#.##$............ ##
##..#8)..8#...
#..###+###... #..#
#... .### #... ##
#... #...


You could see a centaur warrior.

Vanquished Creatures
  Gastronok (D:8)
  Snorg (D:11)
  A boulder beetle (D:10)
  A centaur warrior (D:10)
  Sonja (D:10)
  Pikel (D:5)
  2 raiju (D:9)
  Sigmund (D:4)
  7 wyverns
  A wraith (D:10)
  10 yaks
  4 water moccasins (D:8)
  An orc warrior (D:10)
  3 sky beasts
  2 black bears (D:8)
  An ice beast (D:7)
  3 lemures (D:5)
  7 centaurs
  An ogre (D:5)
  A wolf (D:8)
  3 phantoms
  2 kobold brigands
  Blork the orc (D:6)
  3 bullfrogs
  4 scorpions
  2 wights (D:9)
  3 killer bees (D:11)
  5 electric eels (D:9)
  A howler monkey (D:8)
  A lava snake (D:10)
  2 jellies (D:6)
  4 orc priests
  4 hounds
  3 sleepcaps
  16 orc wizards
  2 iguanas (D:7)
  6 gnolls (D:5)
  12 adders
  An ufetubus (D:5)
  A worm (D:5)
  4 dart slugs
  46 orcs
  6 endoplasms
  4 giant cockroaches
  4 goblins
  3 hobgoblins
  3 jackals
  4 ball pythons
  5 bats
  4 frilled lizards
  18 kobolds
  5 rats
232 creatures vanquished.

Vanquished Creatures (collateral kills)
  3 wights (D:9)
3 creatures vanquished.

Vanquished Creatures (others)
  A dancing weapon (D:9)
  2 yaks (D:10)
3 creatures vanquished.

Grand Total: 238 creatures vanquished

Notes
Turn   | Place    | Note
-------+----------+-------------------------------------------
     0 | D:1      | tilp the Vampire Enchanter began the quest for the Orb.
     0 | D:1      | Reached XP level 1. HP: 13/13 MP: 3/3
   460 | D:1      | Reached XP level 2. HP: 19/20 MP: 5/5
   506 | D:1      | Learned a level 2 spell: Ensorcelled Hibernation
   901 | D:2      | Reached skill level 1 in Fighting
   981 | D:2      | Gained mutation: You are afflicted with vampirism and can
                  | become a bat while bloodless. [Vampire growth]
   981 | D:2      | Reached XP level 3. HP: 24/26 MP: 6/6
   985 | D:2      | Learned a level 3 spell: Confusing Touch
  1079 | D:2      | Found Acvor's Armour Shop.
  1490 | D:3      | Reached skill level 5 in Stealth
  1490 | D:3      | Reached XP level 4. HP: 32/32 MP: 7/7
  1590 | D:3      | Reached skill level 5 in Hexes
  1680 | D:3      | Noticed a Hell Sentinel
  2148 | D:3      | Reached XP level 5. HP: 20/38 MP: 8/8
  2908 | D:3      | Found a faded altar of an unknown god.
  3037 | D:2      | Bought a +0 buckler of fire resistance for 149 gold pieces
  3235 | D:4      | Found a sparkling altar of Nemelex Xobeh.
  3236 | D:4      | Found an opulent altar of Gozag.
  3236 | D:4      | Noticed a phantom
  3261 | D:4      | Killed a phantom
  3262 | D:4      | Reached XP level 6. HP: 36/46 MP: 8/10
  3720 | D:4      | Noticed Sigmund
  3733 | D:4      | Killed Sigmund
  3734 | D:4      | Reached skill level 6 in Stealth
  3734 | D:4      | Reached XP level 7. HP: 48/52 MP: 6/11
  4364 | D:5      | Entered Level 5 of the Dungeon
  4707 | D:5      | Reached skill level 5 in Short Blades
  4736 | D:5      | Found a staircase to the Ecumenical Temple.
  4782 | Temple   | Entered the Ecumenical Temple
  4795 | Temple   | Became a worshipper of the Wu Jian Council
  4822 | D:5      | Noticed Pikel
  4859 | D:5      | Reached XP level 8. HP: 59/60 MP: 3/13
  5135 | D:5      | Killed Pikel
  5136 | D:5      | Reached skill level 7 in Stealth
  5517 | D:6      | Noticed Blork the orc
  5518 | D:6      | Found a shimmering blue altar of Sif Muna.
  5526 | D:6      | Killed Blork the orc
  5532 | D:6      | Learned a level 3 spell: Tukima's Dance
  5536 | D:6      | Learned a level 3 spell: Dazzling Flash
  5580 | D:6      | Reached skill level 5 in Fighting
  5676 | D:6      | Found Plog's General Store.
  5687 | D:6      | Bought a scroll of enchant weapon for 90 gold pieces
  6104 | D:6      | Reached * piety under Wu Jian
  6204 | D:6      | Reached skill level 8 in Stealth
  6533 | D:7      | Reached XP level 9. HP: 68/68 MP: 11/15
  6700 | D:7      | Found a broken altar of Ashenzari.
  6975 | D:7      | Found a snail-covered altar of Cheibriados.
  6977 | D:7      | Found a bloodstained altar of Trog.
  7593 | D:8      | Noticed Gastronok
  7620 | D:8      | Killed Gastronok
  7621 | D:8      | Reached skill level 9 in Stealth
  7621 | D:8      | Reached skill level 5 in Spellcasting
  7722 | D:8      | Reached XP level 10. HP: 76/76 MP: 14/17
  7725 | D:8      | Reached skill level 10 in Stealth
  7765 | D:8      | Reached skill level 10 in Short Blades
  7881 | D:8      | Found a staircase to the Lair.
  7913 | D:8      | Found a shadowy altar of Dithmenos.
  7992 | D:8      | Reached ** piety under Wu Jian
  8000 | D:8      | Reached skill level 1 in Ice Magic
  8411 | D:9      | Reached skill level 1 in Shields
  8431 | D:9      | Reached skill level 1 in Armour
  8448 | D:9      | Reached skill level 1 in Conjurations
  8482 | D:9      | Got the Incunable of Gravity
  9695 | D:10     | Entered Level 10 of the Dungeon
  9743 | D:10     | Noticed a boulder beetle
  9750 | D:10     | Reached XP level 11. HP: 83/83 MP: 19/19
  9754 | D:10     | Killed a boulder beetle
  9903 | D:10     | You fall into a shaft and drop 1 floor!
  9963 | D:11     | Reached *** piety under Wu Jian
  9995 | D:11     | Noticed Snorg
 10011 | D:11     | Killed Snorg
 10012 | D:11     | Reached skill level 5 in Dodging
 10373 | D:10     | Noticed a centaur warrior
 10378 | D:10     | Noticed Sonja
 10382 | D:10     | Killed a centaur warrior
 10411 | D:10     | Killed Sonja
 10415 | D:10     | Reached skill level 11 in Stealth
 10549 | D:10     | Reached skill level 10 in Hexes
 10811 | D:10     | Learned a level 1 spell: Slow
 10883 | D:11     | Found a staircase to the Orcish Mines.
 10911 | D:11     | Noticed a centaur warrior
 10922 | D:11     | Shot with an arrow by a centaur warrior

Illustrated notes

Levels and vault maps discovered:
D:1:      lightli_arrival_windingriver, layout_basic, grunt_decor_fettered
D:2:      layout_rooms, serial_shops, nicolae_lakefront_shop, minmay_hexomino_c4
D:3:      layout_basic, dreamdust_ecumenical_altar_sealed_demon
D:4:      minmay_evil_eye, layout_cave_pods, grunt_temple_overflow_opulence,
          minmay_cut_off, uniq_sigmund
D:5:      layout_basic, minmay_temple_entry_glass, minivault_25, uniq_pikel
D:6:      layout_loops_ring, mainiacjoe_overflow_chevrons, serial_shops, shop,
          uniq_blork_the_orc
D:7:      layout_cave_pods, ashenzari_altar_1, nicolae_overflow_hidden_temple
D:8:      layout_loops_cross, grunt_dithmenos_smoke_and_mirrors,
          minmay_lair_entry_grove, uniq_gastronok
D:9:      layout_loops_cross, nicolae_have_a_lightning_rod
D:10:     layout_basic, grunt_decor_junction, grunt_ministairs_8, uniq_sonja
D:11:     layout_big_octagon, minmay_orc_entry_temple_small, evilmike_minifort,
          uniq_snorg
Temple:   dshaligram_water_room_temple

Skill      XL: |  1  2  3  4  5  6  7  8  9 10 11 |
---------------+----------------------------------+-----
Fighting       | 1 2 3 4 5 6 7 |  7.3
Short Blades   | 2 3 4 5 6 9 10 | 10.0
Stealth        | 5 6 8 9 10 11 | 11.1
Hexes          | 5 6 7 8 9 10 | 10.1
Dodging        | 3 4 5 |  5.3
Spellcasting   | 3 4 5 |  5.7
Evocations     | 2 3 |  3.4
Ice Magic      | 2 |  2.8
Shields        | 2 |  2.0
Armour         | 1 2 |  2.4
Conjurations   | 1 2 |  2.0

Action                     |  1- 3 |  4- 6 |  7- 9 | 10-12 || total
---------------------------+-------+-------+-------+-------++-------
  Melee: Dagger            |    88 |   106 |   250 |   222 ||   666
         Bite              |     4 |     9 |    33 |    23 ||    69
  Throw: Dart              |       |       |       |     1 ||     1
   Cast: Ensorcelled Hiber |     5 |    29 |    34 |    68 ||   136
         Confusing Touch   |       |     2 |    12 |     4 ||    18
         Dazzling Flash    |       |       |     5 |     6 ||    11
         Tukima's Dance    |       |       |       |     5 ||     5
Ability: Lunge             |       |       |    27 |    24 ||    51
         Whirlwind         |       |       |     3 |    13 ||    16
  Evoke: Wand              |       |       |     2 |       ||     2
    Use: Scroll            |     6 |     6 |     5 |    10 ||    27
         Potion            |       |       |     1 |       ||     1
   Stab: Sleeping          |    11 |    23 |    50 |    45 ||   129
         Confused          |       |     2 |     8 |     2 ||    12
         Invisible         |       |       |     5 |     4 ||     9
 Armour: Robe              |    23 |    25 |    39 |    18 ||   105
  Dodge: Dodged            |    47 |    57 |    94 |   156 ||   354
  Block: Buckler           |       |     3 |    23 |    26 ||    52

Table legend: (Time is in decaauts)
 A = Elapsed time spent in this place.
 B = Non-inter-level travel time spent in this place.
 C = Inter-level travel time spent in this place.
 D = Time resting spent in this place.
 E = Time spent auto-exploring this place.
 F = Levels seen in this place.
 G = Mean time per level.
                   A        B        C        D        E       F      G
               +--------+--------+--------+--------+--------+-----+--------+
         Total |  10793 |  10137 |    656 |   1168 |   6940 |  12 |  899.4 |
       Dungeon |  10766 |  10123 |    643 |   1168 |   6940 |  11 |  978.7 |
        Temple |     26 |     13 |     13 |      0 |      0 |   1 |   26.0 |
               +--------+--------+--------+--------+--------+-----+--------+

Top non-repeatable levels by time:
     D:3: 1544 daAuts
     D:9: 1384 daAuts
     D:4: 1114 daAuts
     D:5: 1107 daAuts
     D:7: 974 daAuts
    D:10: 887 daAuts
     D:6: 883 daAuts
     D:1: 876 daAuts
     D:8: 848 daAuts
     D:2: 813 daAuts
    D:11: 334 daAuts
  Temple: 26 daAuts
